 Dungeon Crawl Stone Soup version 0.26.0-10-g1f06aea511 (webtiles) character file.

Game seed: 5463515454178812866

144 Dracia the Poker (level 5, 0/38 HPs)
             Began as a Demonspawn Gladiator on Jan 17, 2021.
             Slain by a centaur (2 damage)
             ... on level 2 of the Dungeon.
             The game lasted 00:03:23 (2317 turns).

Dracia the Poker (Demonspawn Gladiator)             Turns: 2317, Time: 00:03:24

Health: 0/38       AC:  9    Str: 15    XL:     5   Next: 5%
Magic:  5/5        EV:  7    Int: 12    God:
Gold:   61         SH:  0    Dex: 14    Spells: 4/4 levels left

rFire    . . .     SeeInvis .   a - +0 trident
rCold    . . .     Faith    .   (no shield)
rNeg     . . .     Spirit   .   l - +0 chain mail
rPois    +         Reflect  .   c - +0 helmet
rElec    .         Harm     .   (no cloak)
rCorr    .         Rampage  .   (no gloves)
Will     .....                  (no boots)
Stlth    ..........             (no amulet)
HPRegen  0.12/turn              P - ring of poison resistance
MPRegen  0.09/turn              (no ring)

@: mighty
A: talons 1, powered by death 1, big brain 1
a: no special abilities


You were on level 2 of the Dungeon.
You visited 1 branch of the dungeon, and saw 2 of its levels.

You collected 61 gold pieces.


Innate Abilities, Weirdness & Mutations

You have sharp toenails.
You regenerate a little health from kills.
You have an unusually large brain. (Int +2)


   Skills:
 - Level 2.0 Fighting
 * Level 5.3 Polearms
 - Level 1.7 Throwing
 - Level 2.6 Dodging


You had 4 spell levels left.
You didn't know any spells.
Your spell library was empty.

Inventory:

Hand Weapons
 a - a +0 trident (weapon)
Missiles
 d - 3 throwing nets (quivered) {=f=f}
 i - 5 javelins
 o - 5 poisoned darts
Armour
 b - a +0 leather armour
 c - a +0 helmet (worn)
 l - a +0 chain mail (worn)
Jewellery
 P - a ring of poison resistance (left hand)
Scrolls
 e - a scroll of teleportation {unknown}
 h - a scroll of identify {unknown}
 j - a scroll of magic mapping {unknown}
 m - 2 scrolls of remove curse {unknown}
 n - a scroll of amnesia {unknown}
Potions
 f - 2 potions of curing {@q1@q1}
 k - a potion of heal wounds {unknown}

Dungeon Overview and Level Annotations

Branches:
Dungeon (2/15)

Altars:

....................#.....#######
..#######.##.#..................#
................(..........).....
..#######..#.#.(..#..............
........##.#.###(.....###.......#
...............#(......##.#######
................(................
...............#(.............###
............(..#@...##........#
##.............#c...##....)...#
#.....†.......#....##........#
#.............#....##........#
#........†.>..#######........#
#######.....[.# ####.#####
#####.############.#
#..............# ################


You could see a centaur.


Message History

You are too injured to fight recklessly!
Unknown command.
Reach: a) +0 trident
Press: ? - help, Dir - move target, f - centaur
Aim: a centaur, wielding a +0 shortbow and quivering 12 arrows You reach to attack!
You hit the centaur.
The centaur is lightly wounded.
The centaur shoots an arrow.
The arrow hits you.
* * * LOW HITPOINT WARNING * * *
The centaur unwields a +0 shortbow.
The centaur hits you but does no damage.
The centaur completely misses you.
You puncture the centaur! You claw the centaur, but do no damage.
The centaur is heavily wounded.
The centaur hits you.
* * * LOW HITPOINT WARNING * * *
You barely miss the centaur.
The centaur is heavily wounded.
The centaur hits you.
* * * LOW HITPOINT WARNING * * *
The centaur hits you but does no damage.
Unknown command.
It was a potion of might.
You feel very mighty all of a sudden. The centaur closely misses you.
Okay, then.
You hit the centaur. Your kick misses the centaur.
The centaur is severely wounded.
The centaur hits you.
You die...

Skill      XL: |  1  2  3  4 |
---------------+-------------+-----
Polearms       | 3 4 5 |  5.3
Fighting       | |  2.0
Throwing       | |  1.7
Dodging        | |  2.6

Action                   |  1- 3 |  4- 6 || total
-------------------------+-------+-------++-------
Melee: Trident           |   183 |    55 ||   238
       Kick              |       |    14 ||    14
  Use: Potion            |     2 |     1 ||     3
Armor: Leather armour    |    49 |       ||    49
       Chain mail        |       |    40 ||    40
Dodge: Dodged            |   151 |    24 ||   175

Levels and vault maps discovered:
D:1:      dpeg_arrival_circle_labyrinth_b, layout_basic
D:2:      layout_basic, uniq_jessica

Notes
Turn   | Place    | Note
-------+----------+-------------------------------------------
     0 | D:1      | Dracia the Demonspawn Gladiator began the quest for the
                  | Orb.
     0 | D:1      | Reached XP level 1. HP: 16/16 MP: 1/1
   168 | D:1      | Reached skill level 3 in Polearms
   184 | D:1      | Gained mutation: You regenerate a little health from kills.
                  | [demonic ancestry]
   184 | D:1      | Reached XP level 2. HP: 14/22 MP: 2/2
   872 | D:1      | Reached XP level 3. HP: 27/27 MP: 3/3
   940 | D:1      | Reached skill level 4 in Polearms
  1901 | D:2      | Gained mutation: You have sharp toenails. [demonic
                  | ancestry]
  1901 | D:2      | Reached XP level 4. HP: 33/33 MP: 4/4
  2231 | D:2      | Reached skill level 5 in Polearms
  2276 | D:2      | Noticed Jessica
  2280 | D:2      | Killed Jessica
  2281 | D:2      | Gained mutation: You have an unusually large brain. (Int
                  | +2) [demonic ancestry]
  2281 | D:2      | Reached XP level 5. HP: 38/38 MP: 5/5
  2307 | D:2      | Noticed a centaur
  2315 | D:2      | HP: 2/38 [centaur (6)]
  2317 | D:2      | Slain by a centaur

Vanquished Creatures
  Jessica (D:2)
  A worker ant (D:2)
  3 adders
  2 oozes
  A worm (D:2)
  A dart slug (D:1)
  A leopard gecko (D:1)
  A ball python (D:1)
  5 giant cockroaches
  2 goblins
  6 hobgoblins
  8 jackals (D:1)
  2 quokkas (D:2)
  3 bats
  7 frilled lizards
  4 kobolds
  10 rats
58 creatures vanquished.

Table legend: (Time is in decaauts)
 A = Elapsed time spent in this place.
 B = Non-inter-level travel time spent in this place.
 C = Inter-level travel time spent in this place.
 D = Time resting spent in this place.
 E = Time spent auto-exploring this place.
 F = Levels seen in this place.
 G = Mean time per level.
                   A        B        C        D        E       F      G
               +--------+--------+--------+--------+--------+-----+--------+
         Total |   2343 |   2285 |     58 |    384 |   1442 |   2 | 1171.5 |
       Dungeon |   2343 |   2285 |     58 |    384 |   1442 |   2 | 1171.5 |
               +--------+--------+--------+--------+--------+-----+--------+

Top non-repeatable levels by time:
     D:1: 1637 daAuts
     D:2: 706 daAuts

Table legend:
 A = Non-vault XP
 B = Vault XP
 C = Vault XP percentage of total XP
 D = Non-vault monster count
 E = Vault monster count
 F = Vault count percentage of total count
                 A         B        C        D         E       F
            +---------+---------+-------+---------+---------+-------
      Total |     169 |      37 |  18.0 |      57 |       1 |   1.7
            +---------+---------+-------+---------+---------+-------
        D:1 |      79 |       0 |   0.0 |      40 |       0 |   0.0
        D:2 |      90 |      37 |  29.1 |      17 |       1 |   5.6
            +---------+---------+-------+---------+---------+-------
